 Dungeon Crawl Stone Soup version 0.31-a0-202-g547052bce9 (webtiles) character file.

Game seed: 1980834340741049256

209 qw the Skirmisher (level 5, 0/29 HPs)
             Began as a Deep Elf Hunter on June 26, 2023.
             Slain by an orc
             ... wielding a +0 flail
              (6 damage)
             ... on level 3 of the Dungeon.
             The game lasted 00:00:47 (1628 turns).

qw the Skirmisher (Deep Elf Hunter)                 Turns: 1628, Time: 00:00:47

Health: 0/29       AC:  3    Str: 10    XL:     5   Next: 55%
Magic:  7/7        EV: 12    Int: 14    God:
Gold:   134        SH:  0    Dex: 18    Spells: 4/4 levels left

rFire   . . .        Y - +1 shortbow (heavy)
rCold   . . .        (shield currently unavailable)
rNeg    . . .        c - +0 leather armour
rPois   .            (no helmet)
rElec   .            (no cloak)
rCorr   .            (no gloves)
SInv    .            (no boots)
Will    .....        (no amulet)
Stlth   ++           (no ring)
HPRegen 0.24/turn    (no ring)
MPRegen 0.10/turn

%: no passive effects
@: about to teleport
A: no striking features
a: no special abilities


You were on level 3 of the Dungeon.
You visited 1 branch of the dungeon, and saw 3 of its levels.

You collected 134 gold pieces.


   Skills:
 - Level 1.5 Fighting
 - Level 9.1 Ranged Weapons
 + Level 2.4 Dodging
 - Level 1.2 Stealth


You had 4 spell levels left.
You didn't know any spells.
Your spell library was empty.

Inventory:

Hand Weapons
 Y - a +1 heavy shortbow (weapon)
Armour
 c - a +0 leather armour (worn)
 i - a +0 ring mail
 k - a +0 helmet
Jewellery
 l - a ring of resist corrosion
 m - a +6 ring of dexterity
 n - a +6 ring of intelligence
Scrolls
 f - a scroll of identify
 g - a scroll of poison {unknown}
Potions
 a - a potion of degeneration {unknown}
 b - a potion of heal wounds {unknown}
 d - a potion of cancellation
 h - 2 potions of curing {unknown}
 j - a potion of enlightenment {unknown}

Dungeon Overview and Level Annotations

Branches:
Dungeon (3/15)

Altars:
Hepliaklqana


Message History

Enter note:
Enter note:
Enter note:
Enter note:
Enter note:
Enter note:
Enter note:
Enter note:
Enter note:
Enter note: You shoot an arrow.
The arrow hits the orc priest!
The orc priest shouts!
The orc priest is severely wounded.
You hear a shout! x2
An orc comes into view. It is wielding a +0 whip.
You shoot an arrow. The arrow hits the orc priest!!
You kill the orc priest!
An orc priest comes into view. It is wielding a +0 hand axe.
Your Ranged Weapons skill increases to level 9!
You shoot an arrow. The arrow closely misses the orc.
An orc comes into view. It is wielding a +0 flail.
You shoot an arrow. The arrow barely misses the orc.
The orc shouts!
You shoot an arrow. The arrow hits the orc.
The orc is heavily wounded.
You shoot an arrow. The arrow hits the orc!
You kill the orc!
The orc priest calls down the wrath of Beogh upon you.
Beogh smites you!
You shoot an arrow. The arrow hits the orc priest.
The orc priest is moderately wounded.
The orc priest calls down the wrath of Beogh upon you.
Pain shoots through your body!
1627 ||| READING scroll of teleportation.
As you read the scroll of teleportation, it crumbles to dust.
You feel strangely unstable. The orc hits you but does no damage.
The orc priest barely misses you.
You shoot an arrow. The arrow barely misses the orc priest.
The orc hits you with a +0 flail.
You die...

............#####......#.....###.
............#####......#.........
....##...##.....#....<.#.........
....##...##.........####.........
.........##.........###..........
..###................############
..# ................### ..#
.................# ......
.........@......# ......
.........oo........ .......
................. .......
.......?......#..7 .......
.?...###......##77 .%.... .....
.......# . .... ..)....# #. ##$.
......# #


You could see an orc priest and an orc.

Vanquished Creatures
  A hound (D:3)
  An orc priest (D:3)
  Jessica (D:3)
  Terence (D:3)
  Robin (D:3)
  An adder (D:3)
  2 worms
  4 orcs (D:3)
  4 endoplasms
  2 giant cockroaches (D:2)
  17 goblins
  2 hobgoblins
  3 jackals (D:1)
  4 quokkas
  5 ball pythons
  5 bats
  5 frilled lizards
  4 kobolds
  3 rats
66 creatures vanquished.

Notes
Turn   | Place    | Note
-------+----------+-------------------------------------------
     0 | D:1      | qw the Deep Elf Hunter began the quest for the Orb.
     0 | D:1      | Reached XP level 1. HP: 12/12 MP: 3/3
     0 | D:1      | 0 ||| qw: Version: 0.3-a-22-g0ed2b0b
     0 | D:1      | 0 ||| qw: Game counter: 6094
     0 | D:1      | 0 ||| qw: Melee chars always use a shield: true
     0 | D:1      | 0 ||| qw: God list: Okawaru
     0 | D:1      | 0 ||| qw: Allow faded altars: false
     0 | D:1      | 0 ||| qw: Do Orc after clearing Dungeon:15 true
     0 | D:1      | 0 ||| qw: Do second Lair branch before Depths: true
     0 | D:1      | 0 ||| qw: Lair rune preference: random
     0 | D:1      | 0 ||| qw: Goals: Normal
     0 | D:1      | 0 ||| PLANNING D:1-11
   156 | D:1      | Reached XP level 2. HP: 16/16 MP: 4/4
   190 | D:1      | Reached skill level 6 in Ranged Weapons
   561 | D:1      | Found a faded altar of an unknown god.
   696 | D:1      | 696 ||| READING scroll labelled PESUEG NUNIO.
   697 | D:1      | 697 ||| READING scroll labelled TEATAE PUOTE.
   698 | D:1      | 698 ||| READING scroll labelled OCIOTHR VYIHOSO.
   799 | D:1      | 799 ||| READING scroll labelled VEMEUM NEEZA.
   802 | D:1      | 802 ||| READING scroll labelled CIOGOG YS WILI.
   803 | D:1      | 803 ||| DROPPING scroll of butterflies.
   862 | D:2      | Found a hazy altar of Hepliaklqana.
   927 | D:2      | Reached XP level 3. HP: 20/20 MP: 5/5
  1223 | D:2      | Reached skill level 7 in Ranged Weapons
  1267 | D:2      | 1267 ||| READING scroll labelled NELONI YZE OLI.
  1268 | D:2      | 1268 ||| READING scroll labelled GYMOUS XIOTOA.
  1269 | D:2      | 1269 ||| READING scroll labelled IPPIOB HAEMI.
  1270 | D:2      | 1270 ||| DRINKING 2 silvery potions.
  1271 | D:2      | 1271 ||| READING 2 scrolls of identify.
  1271 | D:2      | 1271 ||| IDENTIFYING fuming clear potion
  1272 | D:2      | 1272 ||| DROPPING potion of brilliance.
  1353 | D:3      | Reached XP level 4. HP: 25/25 MP: 6/6
  1364 | D:3      | Noticed Robin
  1365 | D:3      | Killed Robin
  1366 | D:3      | Reached skill level 8 in Ranged Weapons
  1372 | D:3      | Noticed Terence
  1373 | D:3      | 1373 ||| FLEEEEING.
  1374 | D:3      | 1374 ||| FLEEEEING.
  1375 | D:3      | 1375 ||| FLEEEEING.
  1376 | D:3      | 1376 ||| FLEEEEING.
  1377 | D:3      | 1377 ||| FLEEEEING.
  1378 | D:3      | 1378 ||| FLEEEEING.
  1379 | D:3      | 1379 ||| FLEEEEING.
  1380 | D:3      | 1380 ||| FLEEEEING.
  1381 | D:3      | 1381 ||| FLEEEEING.
  1382 | D:3      | 1382 ||| FLEEEEING.
  1383 | D:3      | 1383 ||| FLEEEEING.
  1384 | D:3      | 1384 ||| FLEEEEING.
  1385 | D:3      | 1385 ||| FLEEEEING.
  1386 | D:3      | 1386 ||| FLEEEEING.
  1387 | D:3      | 1387 ||| FLEEEEING.
  1388 | D:3      | 1388 ||| FLEEEEING.
  1389 | D:3      | 1389 ||| FLEEEEING.
  1390 | D:3      | 1390 ||| FLEEEEING.
  1391 | D:3      | 1391 ||| FLEEEEING.
  1421 | D:3      | Killed Terence
  1422 | D:3      | Reached XP level 5. HP: 29/29 MP: 7/7
  1474 | D:3      | Noticed Jessica
  1475 | D:3      | Killed Jessica
  1622 | D:3      | Reached skill level 9 in Ranged Weapons
  1626 | D:3      | HP: 5/29 [orc priest/nerve-wracking pain (13)]
  1627 | D:3      | 1627 ||| READING scroll of teleportation.
  1628 | D:3      | Slain by an orc

Levels and vault maps discovered:
D:1:      amcnicky_arrival_double_pillar, layout_basic,
          dreamdust_ecumenical_altar_sealed_demon
D:2:      layout_basic, basic_altar
D:3:      layout_basic, uniq_terence, uniq_crazy_yiuf_cottage, uniq_jessica,
          uniq_robin

Skill      XL: |  1  2  3  4  5 |
---------------+----------------+-----
Ranged Weapons | 6 7 8 9 |  9.1
Fighting       | |  1.5
Dodging        | |  2.4
Stealth        | |  1.2

Action                     |  1- 3 |  4- 6 || total
---------------------------+-------+-------++-------
   Fire: Shortbow          |    93 |    47 ||   140
    Use: Scroll            |     9 |     1 ||    10
         Potion            |     1 |       ||     1
 Armour: Leather armour    |    14 |     2 ||    16
  Dodge: Dodged            |    20 |     7 ||    27

Table legend:
 A = Non-vault XP
 B = Vault XP
 C = Vault XP percentage of total XP
 D = Non-vault monster count
 E = Vault monster count
 F = Vault count percentage of total count
                 A         B        C        D         E       F
            +---------+---------+-------+---------+---------+-------
      Total |     190 |     109 |  36.5 |      52 |      14 |  21.2
            +---------+---------+-------+---------+---------+-------
        D:1 |      36 |       0 |   0.0 |      21 |       0 |   0.0
        D:2 |      29 |       0 |   0.0 |      16 |       0 |   0.0
        D:3 |     125 |     109 |  46.6 |      15 |      14 |  48.3
            +---------+---------+-------+---------+---------+-------
